 Dungeon Crawl Stone Soup version 0.28-a0-1117-g0bdd5ba030 (webtiles) character file.

Game seed: 10713733850803055760

1 ducksouse the Vexing (level 1, 0/11 HPs)
             Began as a Deep Elf Arcane Marksman on Dec 11, 2021.
             Constricted to death by a ball python (1 damage)
             ... on level 1 of the Dungeon.
             The game lasted 00:01:10 (125 turns).

ducksouse the Vexing (Deep Elf Arcane Marksman)      Turns: 125, Time: 00:01:15

Health: 0/11       AC:  2    Str:  7    XL:     1   Next: 16%
Magic:  5/5        EV:  9    Int: 17    God:
Gold:   0          SH:  0    Dex: 15    Spells: 2/3 levels left

rFire   . . .      SeeInvis .   a - +0 shortbow
rCold   . . .      Faith    .   (shield currently unavailable)
rNeg    . . .      Spirit   .   d - +0 robe
rPois   .          Reflect  .   (no helmet)
rElec   .          Harm     .   (no cloak)
rCorr   .          Rampage  .   (no gloves)
Will    .....                   (no boots)
Stlth   +.........              (no amulet)
HPRegen 0.03/turn               (no ring)
MPRegen 0.09/turn               (no ring)

@: constricted
A: no striking features
a: no special abilities


You were on level 1 of the Dungeon.
You visited 1 branch of the dungeon, and saw 1 of its levels.

Inventory:

Hand Weapons
 a - a +0 shortbow (weapon)
Missiles
 c - 18 arrows (quivered ammo)
Armour
 d - a +0 robe (worn)
Potions
 b - 2 potions of curing {unknown}


   Skills:
 + Level 0.7 Fighting
 + Level 2.7 Bows
 + Level 2.4 Dodging
 + Level 1.5 Spellcasting
 + Level 4.0 Hexes


You had 2 spell levels left.
You knew the following spells:

 Your Spells              Type           Power      Damage    Failure   Level
a - Slow                  Hex            60%        N/A       3%          1

Your spell library contained the following spells:

 Spells                   Type           Power      Damage    Failure   Level
 Inner Flame              Hex/Fire       8%         N/A       26%         3
 Portal Projectile        Hex/Tloc       16%        N/A       26%         3
 Cause Fear               Hex            7%         N/A       36%         4


Dungeon Overview and Level Annotations

Branches:
Dungeon (1/15)

Altars:


Message History

You hear an angry hiss.
A ball python comes into view.
The dart slug bites you.
You shoot an arrow.
The arrow hits the dart slug but does no damage.
The dart slug launches a dart at you. The slug dart hits you.
You are too injured to fight recklessly!
You are too injured to fight recklessly!
You are too injured to fight recklessly!
You are too injured to fight recklessly!
Found a stone staircase leading down.
A hobgoblin comes into view.
The hobgoblin shouts!
The ball python misses you. The ball python grabs you.
The ball python constricts you.
A ball python comes into view.
You are too injured to fight recklessly!
You escape the ball python's grasp.
A hobgoblin comes into view.
The ball python hisses angrily.
Things that are here:
16 arrows; a +6 ring of intelligence You are too injured to fight recklessly!
You are too injured to fight recklessly!
You are too injured to fight recklessly!
You are too injured to fight recklessly!
The ball python bites you. The ball python barely misses you.
The ball python bites you but does no damage.
The ball python barely misses you.
You are too injured to fight recklessly!
You are too injured to fight recklessly!
Found a book of Callings.
The ball python misses you. The ball python grabs you.
The ball python constricts you.
* * * LOW HITPOINT WARNING * * *
The ball python bites you.
* * * LOW HITPOINT WARNING * * *
The ball python constricts you.
You die...

#.##.##
##..........
#....###
##.....###.
###S...#
#####.# ##
##(##..#
#... #w.#
#.>.. ###..
#.## #### ..
..# #g# .
#...:##S##
#....@#
####.....#
#..###.#
#.## .. #.
## #. .. .#


You could see a dart slug, a hobgoblin and a ball python.

Vanquished Creatures
  A kobold (D:1)
1 creature vanquished.

Notes
Turn   | Place    | Note
-------+----------+-------------------------------------------
     0 | D:1      | ducksouse the Deep Elf Arcane Marksman began the quest for
                  | the Orb.
     0 | D:1      | Reached XP level 1. HP: 11/11 MP: 5/5
   125 | D:1      | Constricted to death by a ball python

Illustrated notes

Levels and vault maps discovered:
D:1:      heliophobic_arrival_ceremonial_halls, layout_rooms,
          serial_bayou_pond_e

Action                   || total
-------------------------++-------
 Fire: Shortbow          ||     9
Armor: Robe              ||     2
Dodge: Dodged            ||     6

Table legend: (Time is in decaauts)
 A = Elapsed time spent in this place.
 B = Non-inter-level travel time spent in this place.
 C = Inter-level travel time spent in this place.
 D = Time resting spent in this place.
 E = Time spent auto-exploring this place.
 F = Levels seen in this place.
 G = Mean time per level.
                   A        B        C        D        E       F      G
               +--------+--------+--------+--------+--------+-----+--------+
         Total |    126 |    126 |      0 |      0 |      0 |   1 |  126.0 |
       Dungeon |    126 |    126 |      0 |      0 |      0 |   1 |  126.0 |
               +--------+--------+--------+--------+--------+-----+--------+

Top non-repeatable levels by time:
     D:1: 126 daAuts
